[Event "71st RUS-ch Higher League 2018"]
[Site "Yaroslavl"]
[Date "2018.06.28"]
[Round "3"]
[White "Bykov, Oleg"]
[Black "Usmanov, Vasily"]
[Result "1/2-1/2"]
[ECO "E11"]
[WhiteElo "2375"]
[BlackElo "2477"]
[Annotator "ChessBase"]
[PlyCount "80"]
[EventDate "2018.06.26"]
[EventType "swiss"]
[EventCountry "RUS"]
[SourceTitle "playchess.com"]
[Source "ChessBase"]
[SourceQuality "1"]
[TimeControl "40/5400+30:1800+30"]

1. d4 Nf6 2. c4 e6 3. Nf3 Bb4+ 4. Nbd2 d5 5. Qa4+ Nc6 6. a3 Bd6 7. b4 Bd7 8. Qc2 O-O 9. c5 Be7 10. Bb2 b5 11. cxb6 cxb6 12. e3 b5 13. Ne5 Qb6 14. Nxc6 Bxc6 15. Nb3 Ne4 16. Bd3 h6 17. O-O Nd6 18. Nc5 Nc4 19. Bc3 a5 20. bxa5 Nxa5 21. Bb4 Rfe8 22. Rfb1 Nc4 23. a4 Qc7 24. axb5 Rxa1 25. Rxa1 Bxb5 26. Qc3 Rc8 27. h3 Nd6 28. Bxb5 Nxb5 29. Qd3 Nd6 30. Qa6 Bf8 31. Nd3 Qc4 32. Bxd6 Bxd6 33. Qxd6 Qxd3 34. Qd7 Rb8 35. Qd6 Rb1+ 36. Rxb1 Qxb1+ 37. Kh2 Qf5 38. Kg1 Qb1+ 39. Kh2 Qf5 40. Kg1 Qb1+ 1/2-1/2

[Event "71st RUS-ch Higher League 2018"]
[Site "Yaroslavl"]
[Date "2018.06.28"]
[Round "3"]
[White "Bykov, Egor"]
[Black "Kokarev, Dmitry"]
[Result "1/2-1/2"]
[ECO "E70"]
[WhiteElo "2373"]
[BlackElo "2603"]
[Annotator "ChessBase"]
[PlyCount "102"]
[EventDate "2018.06.26"]
[EventType "swiss"]
[EventCountry "RUS"]
[SourceTitle "playchess.com"]
[Source "ChessBase"]
[SourceQuality "1"]
[TimeControl "40/5400+30:1800+30"]

1. d4 g6 2. c4 Nf6 3. Nc3 Bg7 4. e4 O-O 5. Nf3 c6 6. e5 Ne8 7. Be2 d6 8. exd6 Nxd6 9. Bf4 Be6 10. d5 cxd5 11. cxd5 Bg4 12. O-O Qb6 13. Qd2 Na6 14. h3 Bxf3 15. Bxf3 Rac8 16. Rac1 Rfe8 17. b3 Qb4 18. Nb1 Qxd2 19. Nxd2 Nb4 20. Nc4 Nxc4 21. Rxc4 Rxc4 22. bxc4 b6 23. Rb1 Nd3 24. Be3 Rc8 25. Be2 Nc5 26. g4 Be5 27. Kg2 Bd6 28. Rc1 Rc7 29. h4 e5 30. Bxc5 Rxc5 31. a4 e4 32. f3 exf3+ 33. Kxf3 Rc7 34. Bd3 Re7 35. Be4 Re5 36. Rc2 Kg7 37. Re2 h5 38. g5 Re8 39. Bd3 Rc8 40. Ra2 Rf8 41. Kg2 Bb4 42. Re2 Rd8 43. Kf2 a6 44. Re4 Bc5+ 45. Kf3 Kf8 46. Bf1 Rc8 47. Bh3 Rc7 48. Kg2 Be7 49. Kf3 Bd6 50. Kf2 Kg7 51. Kf3 Kf8 1/2-1/2

[Event "71st RUS-ch Higher League 2018"]
[Site "Yaroslavl"]
[Date "2018.06.29"]
[Round "4"]
[White "Najer, Evgeniy"]
[Black "Potkin, Vladimir"]
[Result "1/2-1/2"]
[ECO "D12"]
[WhiteElo "2668"]
[BlackElo "2592"]
[Annotator "ChessBase"]
[PlyCount "43"]
[EventDate "2018.06.26"]
[EventType "swiss"]
[EventCountry "RUS"]
[SourceTitle "playchess.com"]
[Source "ChessBase"]
[SourceQuality "1"]
[TimeControl "40/5400+30:1800+30"]

1. d4 d5 2. c4 c6 3. Nf3 Nf6 4. e3 Bf5 5. Nc3 a6 6. Ne5 Nbd7 7. Qb3 Qc7 8. Nxd7 Qxd7 9. Na4 Qc7 10. Nb6 Rd8 11. cxd5 Nxd5 12. Nxd5 cxd5 13. Bd2 Rd6 14. Rc1 Rc6 15. Rxc6 Qxc6 16. Bd3 Bxd3 17. Qxd3 Qb5 18. Qc2 Qc6 19. Qd3 Qb5 20. Qc2 Qc6 21. Qd3 Qb5 22. Qc2 1/2-1/2

[Event "71st RUS-ch Higher League 2018"]
[Site "Yaroslavl"]
[Date "2018.06.29"]
[Round "4"]
[White "Motylev, Alexander"]
[Black "Oparin, Grigoriy"]
[Result "1/2-1/2"]
[ECO "C84"]
[WhiteElo "2659"]
[BlackElo "2587"]
[Annotator "ChessBase"]
[PlyCount "102"]
[EventDate "2018.06.26"]
[EventType "swiss"]
[EventCountry "RUS"]
[SourceTitle "playchess.com"]
[Source "ChessBase"]
[SourceQuality "1"]
[TimeControl "40/5400+30:1800+30"]

1. e4 e5 2. Nf3 Nc6 3. Bb5 a6 4. Ba4 Nf6 5. O-O Be7 6. d3 d6 7. c3 O-O 8. Re1 Re8 9. Nbd2 Bf8 10. Nf1 b5 11. Bb3 Na5 12. Bc2 c5 13. Bg5 h6 14. Bh4 Be7 15. Ne3 Be6 16. d4 Ng4 17. Bxe7 Rxe7 18. dxc5 Nxe3 19. fxe3 dxc5 20. Nxe5 Qc7 21. Nd3 Rd8 22. Qh5 Bc4 23. Nf4 Rd2 24. Rec1 Be6 25. b3 c4 26. b4 Nc6 27. a4 Qb6 28. Qc5 Qxc5 29. bxc5 b4 30. cxb4 Nxb4 31. Bd1 Na2 32. Rxa2 Rxa2 33. c6 Re8 34. Nd5 Rb8 35. c7 Rbb2 36. Nf4 Bc8 37. Bf3 g5 38. Nd5 g4 39. Bxg4 Rxg2+ 40. Kh1 Rxh2+ 41. Kg1 Rhg2+ 42. Kh1 Bb7 43. Bc8 Bxc8 44. Ne7+ Kh7 45. Nxc8 Rh2+ 46. Kg1 Rag2+ 47. Kf1 Rb2 48. Kg1 Rhg2+ 49. Kh1 Rh2+ 50. Kg1 Rbg2+ 51. Kf1 Rd2 1/2-1/2

[Event "71st RUS-ch Higher League 2018"]
[Site "Yaroslavl"]
[Date "2018.06.29"]
[Round "4"]
[White "Gordievsky, Dmitry"]
[Black "Sychev, Klementy"]
[Result "1/2-1/2"]
[ECO "A48"]
[WhiteElo "2641"]
[BlackElo "2527"]
[Annotator "ChessBase"]
[PlyCount "83"]
[EventDate "2018.06.26"]
[EventType "swiss"]
[EventCountry "RUS"]
[SourceTitle "playchess.com"]
[Source "ChessBase"]
[SourceQuality "1"]
[TimeControl "40/5400+30:1800+30"]

1. d4 Nf6 2. Nf3 g6 3. Bg5 Bg7 4. Nbd2 d5 5. e3 O-O 6. Bd3 Nbd7 7. h3 Re8 8. Bf4 Nh5 9. Bh2 e5 10. dxe5 Nxe5 11. Nxe5 Bxe5 12. Bxe5 Rxe5 13. Nf3 Re8 14. O-O Nf6 15. c4 c6 16. c5 Nd7 17. Rc1 Qf6 18. Nd4 Nf8 19. Re1 Ne6 20. Bf1 Bd7 21. Qd2 Re7 22. Qb4 Rae8 23. Nxe6 Bxe6 24. Qd4 Kg7 25. Red1 Bf5 26. Rc3 Re4 27. Qxf6+ Kxf6 28. Ra3 a6 29. Rd2 g5 30. Rb3 R8e7 31. g4 Bg6 32. Kg2 Kg7 33. a3 h5 34. Bd3 Ra4 35. Be2 hxg4 36. hxg4 Rae4 37. Kf1 Kf8 38. Rd4 Ke8 39. Rxe4 Bxe4 40. f3 Bg6 41. Kf2 f6 42. Bd3 1/2-1/2

[Event "71st RUS-ch Higher League 2018"]
[Site "Yaroslavl"]
[Date "2018.06.29"]
[Round "4"]
[White "Zvjaginsev, Vadim"]
[Black "Turov, Maxim"]
[Result "1-0"]
[ECO "B12"]
[WhiteElo "2633"]
[BlackElo "2600"]
[Annotator "ChessBase"]
[PlyCount "135"]
[EventDate "2018.06.26"]
[EventType "swiss"]
[EventCountry "RUS"]
[SourceTitle "playchess.com"]
[Source "ChessBase"]
[SourceQuality "1"]
[TimeControl "40/5400+30:1800+30"]

1. e4 c6 2. d4 d5 3. e5 Bf5 4. Be3 e6 5. Nd2 Ne7 6. f4 Nd7 7. Ngf3 Qb6 8. Nb3 a5 9. a4 f6 10. Be2 Ng6 11. O-O Be7 12. c4 fxe5 13. c5 Qa7 14. dxe5 Nxc5 15. Rc1 b6 16. Nfd4 Qb7 17. Nxc6 O-O 18. Nxe7+ Nxe7 19. Nxc5 bxc5 20. Bxc5 Rfc8 21. Qd2 Be4 22. Rfe1 Nf5 23. Bf2 Rcb8 24. Rc5 Qb4 25. Qxb4 Rxb4 26. g4 Ne7 27. Rb5 Rxa4 28. Rc1 Ng6 29. Bg3 Rf8 30. f5 exf5 31. gxf5 Ne7 32. f6 gxf6 33. e6 Nf5 34. Bf2 Re8 35. Rb6 Rb4 36. Bb5 d4 37. Re1 Ne3 38. Bxe8 Rxb6 39. Bd7 Kf8 40. Bxe3 dxe3 41. Rxe3 f5 42. e7+ Kxe7 43. Bxf5 Rxb2 44. Bxe4 a4 45. Bc2+ Kf6 46. Bxa4 h5 47. Bd1 h4 48. Be2 Rb4 49. Kg2 Rd4 50. Kh3 Rb4 51. Bg4 Rb2 52. Re4 Kg5 53. Re5+ Kg6 54. Rh5 Kg7 55. Rxh4 Rb8 56. Kg3 Rh8 57. Bh5 Rb8 58. Bf3 Rb6 59. Be4 Rd6 60. Rh7+ Kg8 61. Ra7 Rb6 62. h3 Kh8 63. Kf4 Kg8 64. Kg5 Rd6 65. Bh7+ Kh8 66. Bg6 Rd8 67. Kh6 Rf8 68. Bf7 1-0

[Event "71st RUS-ch Higher League 2018"]
[Site "Yaroslavl"]
[Date "2018.06.29"]
[Round "4"]
[White "Romanov, Evgeny"]
[Black "Yanchenko, Roman"]
[Result "1/2-1/2"]
[ECO "A13"]
[WhiteElo "2628"]
[BlackElo "2462"]
[Annotator "ChessBase"]
[PlyCount "85"]
[EventDate "2018.06.26"]
[EventType "swiss"]
[EventCountry "RUS"]
[SourceTitle "playchess.com"]
[Source "ChessBase"]
[SourceQuality "1"]
[TimeControl "40/5400+30:1800+30"]

1. c4 e6 2. g3 d5 3. Bg2 Nf6 4. d4 Bb4+ 5. Nd2 c5 6. a3 Bxd2+ 7. Qxd2 cxd4 8. cxd5 O-O 9. Nf3 Qxd5 10. Qxd4 Nc6 11. Qxd5 Nxd5 12. b4 b6 13. Bd2 Ba6 14. Rb1 Bb5 15. a4 Bxa4 16. b5 Na5 17. Nd4 Rac8 18. Bxd5 exd5 19. Bxa5 bxa5 20. Kd2 Rc4 21. e3 Rfc8 22. Rb2 g6 23. Ra1 Rb8 24. Kd3 f5 25. f3 Rb6 26. e4 fxe4+ 27. fxe4 a6 28. exd5 axb5 29. Nxb5 Rxb5 30. Kxc4 Rxb2 31. Rxa4 Rxh2 32. Rxa5 Kf7 33. Kc5 Rg2 34. Ra3 Ke7 35. d6+ Kd7 36. Ra7+ Kd8 37. Ra8+ Kd7 38. Ra7+ Kd8 39. Kc6 Rc2+ 40. Kd5 Rg2 41. Ke6 Re2+ 42. Kf6 Rg2 43. Ke6 1/2-1/2

[Event "71st RUS-ch Higher League 2018"]
[Site "Yaroslavl"]
[Date "2018.06.29"]
[Round "4"]
[White "Alekseev, Evgeny"]
[Black "Shaposhnikov, Evgeny"]
[Result "1/2-1/2"]
[ECO "C00"]
[WhiteElo "2627"]
[BlackElo "2572"]
[Annotator "ChessBase"]
[PlyCount "81"]
[EventDate "2018.06.26"]
[EventType "swiss"]
[EventCountry "RUS"]
[SourceTitle "playchess.com"]
[Source "ChessBase"]
[SourceQuality "1"]
[TimeControl "40/5400+30:1800+30"]

1. e4 e6 2. d4 d5 3. Bd3 Nc6 4. Ne2 Nb4 5. Bb5+ Bd7 6. Bxd7+ Qxd7 7. c3 Nc6 8. e5 f6 9. f4 Nh6 10. Ng3 f5 11. Nd2 Nf7 12. O-O Be7 13. Nf3 Na5 14. Qe2 g6 15. Be3 h5 16. Nd2 h4 17. Nh1 g5 18. b4 gxf4 19. Bxf4 Nc6 20. Nb3 b6 21. b5 Ncd8 22. Nf2 Ng5 23. Bxg5 Bxg5 24. Nh3 Nf7 25. a4 Bh6 26. Nc1 c5 27. Nd3 c4 28. Nb4 Ng5 29. Nxg5 Bxg5 30. a5 Bd8 31. Nc6 bxa5 32. Nxd8 Qxd8 33. Qa2 Qg5 34. Qxa5 O-O 35. Kh1 Kh8 36. Rf3 Rg8 37. Rg1 Rg7 38. Rh3 Rag8 39. Qa1 Qg4 40. Rf3 Qh5 41. Rf4 1/2-1/2

[Event "71st RUS-ch Higher League 2018"]
[Site "Yaroslavl"]
[Date "2018.06.29"]
[Round "4"]
[White "Ponkratov, Pavel"]
[Black "Goryachkina, Aleksandra"]
[Result "1/2-1/2"]
[ECO "C11"]
[WhiteElo "2622"]
[BlackElo "2505"]
[Annotator "ChessBase"]
[PlyCount "82"]
[EventDate "2018.06.26"]
[EventType "swiss"]
[EventCountry "RUS"]
[SourceTitle "playchess.com"]
[Source "ChessBase"]
[SourceQuality "1"]
[TimeControl "40/5400+30:1800+30"]

1. e4 e6 2. d4 d5 3. Nc3 Nf6 4. Bg5 dxe4 5. Nxe4 Be7 6. Bxf6 gxf6 7. Qd2 b6 8. O-O-O Bb7 9. Nc3 c6 10. f4 f5 11. Nf3 Nd7 12. Bd3 Qc7 13. Rhe1 O-O-O 14. g3 Bf6 15. Qe2 Kb8 16. Ba6 b5 17. Bxb7 Qxb7 18. Ne5 Bxe5 19. dxe5 Nb6 20. Rxd8+ Rxd8 21. Qh5 b4 22. Nb1 c5 23. Qe2 c4 24. a3 a5 25. c3 Rd3 26. axb4 axb4 27. Rd1 Rxd1+ 28. Qxd1 b3 29. Qd6+ Qc7 30. Qf8+ Kb7 31. Nd2 Qd7 32. Kd1 Ka6 33. Ke1 Qd3 34. Qc5 Kb7 35. Qe7+ Kc6 36. Qxf7 Qe3+ 37. Kd1 Qg1+ 38. Ke2 Qxh2+ 39. Kd1 Qg1+ 40. Ke2 Qg2+ 41. Kd1 Qh1+ 1/2-1/2

[Event "71st RUS-ch Higher League 2018"]
[Site "Yaroslavl"]
[Date "2018.06.29"]
[Round "4"]
[White "Antipov, Mikhail Al"]
[Black "Ovetchkin, Roman"]
[Result "0-1"]
[ECO "C20"]
[WhiteElo "2616"]
[BlackElo "2546"]
[Annotator "ChessBase"]
[PlyCount "44"]
[EventDate "2018.06.26"]
[EventType "swiss"]
[EventCountry "RUS"]
[SourceTitle "playchess.com"]
[Source "ChessBase"]
[SourceQuality "1"]
[TimeControl "40/5400+30:1800+30"]

1. e4 e5 2. c4 Nc6 3. Nc3 Bc5 4. Nf3 d6 5. d3 Nge7 6. a3 a6 7. b4 Ba7 8. h3 f5 9. Be3 Bxe3 10. fxe3 O-O 11. Qd2 Ng6 12. Be2 f4 13. g3 fxg3 14. Rg1 Rxf3 15. Bxf3 Qg5 16. Bg4 Bxg4 17. hxg4 Rf8 18. Rxg3 Nd4 19. exd4 Rf1+ 20. Kxf1 Qxd2 21. Ne2 exd4 22. c5 dxc5 0-1

[Event "71st RUS-ch Higher League 2018"]
[Site "Yaroslavl"]
[Date "2018.06.29"]
[Round "4"]
[White "Kobalia, Mikhail"]
[Black "Goganov, Aleksey"]
[Result "1/2-1/2"]
[ECO "A08"]
[WhiteElo "2608"]
[BlackElo "2576"]
[Annotator "ChessBase"]
[PlyCount "49"]
[EventDate "2018.06.26"]
[EventType "swiss"]
[EventCountry "RUS"]
[SourceTitle "playchess.com"]
[Source "ChessBase"]
[SourceQuality "1"]
[TimeControl "40/5400+30:1800+30"]

1. e4 c5 2. Nf3 e6 3. g3 Nc6 4. Bg2 Nf6 5. d3 d5 6. Nbd2 Be7 7. O-O O-O 8. Re1 b5 9. a4 b4 10. exd5 Nxd5 11. Nc4 Qc7 12. Bg5 Bb7 13. Bxe7 Ndxe7 14. c3 Rad8 15. Qc2 Ba6 16. Nfd2 bxc3 17. bxc3 Na5 18. Rab1 Nxc4 19. Nxc4 Bxc4 20. dxc4 Nc8 21. Rb7 Qa5 22. Rb5 Qc7 23. Rb7 Qa5 24. Rb5 Qc7 25. Rb7 1/2-1/2

[Event "71st RUS-ch Higher League 2018"]
[Site "Yaroslavl"]
[Date "2018.06.29"]
[Round "4"]
[White "Kokarev, Dmitry"]
[Black "Lobanov, Sergei"]
[Result "1/2-1/2"]
[ECO "B19"]
[WhiteElo "2603"]
[BlackElo "2521"]
[Annotator "ChessBase"]
[PlyCount "80"]
[EventDate "2018.06.26"]
[EventType "swiss"]
[EventCountry "RUS"]
[SourceTitle "playchess.com"]
[Source "ChessBase"]
[SourceQuality "1"]
[TimeControl "40/5400+30:1800+30"]

1. e4 c6 2. d4 d5 3. Nd2 dxe4 4. Nxe4 Bf5 5. Ng3 Bg6 6. h4 h6 7. Nf3 Nd7 8. h5 Bh7 9. Bd3 Bxd3 10. Qxd3 e6 11. Bd2 Ngf6 12. O-O-O Be7 13. Ne4 O-O 14. Nxf6+ Nxf6 15. Kb1 c5 16. g4 Nxg4 17. Qe2 cxd4 18. Rhg1 d3 19. cxd3 f5 20. Qxe6+ Kh8 21. d4 Qd6 22. Qxd6 Bxd6 23. Nh4 Kh7 24. f3 Nf2 25. Rde1 Rf7 26. Rg2 Nh3 27. Re6 Bf4 28. Ng6 Bxd2 29. Rxd2 Ng5 30. Re3 f4 31. Rc3 Rf5 32. d5 Rd8 33. Ne7 Re5 34. Ng6 Rf5 35. Ne7 Re5 36. Ng6 Rf5 37. Ne7 Re5 38. Ng6 Rf5 39. Ne7 Re5 40. Ng6 Rf5 1/2-1/2

[Event "71st RUS-ch Higher League 2018"]
[Site "Yaroslavl"]
[Date "2018.06.29"]
[Round "4"]
[White "Esipenko, Andrey"]
[Black "Sviridov, Valery"]
[Result "1/2-1/2"]
[ECO "A49"]
[WhiteElo "2599"]
[BlackElo "2513"]
[Annotator "ChessBase"]
[PlyCount "121"]
[EventDate "2018.06.26"]
[EventType "swiss"]
[EventCountry "RUS"]
[SourceTitle "playchess.com"]
[Source "ChessBase"]
[SourceQuality "1"]
[TimeControl "40/5400+30:1800+30"]

1. d4 Nf6 2. Nf3 g6 3. g3 Bg7 4. Bg2 O-O 5. O-O d6 6. b3 c5 7. c4 Nc6 8. Bb2 Ne4 9. e3 Qa5 10. Ne1 f5 11. f3 Nf6 12. d5 Ne5 13. Nc3 Bd7 14. a4 a6 15. Nd3 Nxd3 16. Qxd3 Nh5 17. Qc2 Rab8 18. Ne2 Bxb2 19. Qxb2 Qc7 20. a5 b5 21. axb6 Qxb6 22. Rfb1 a5 23. Qc1 Rb7 24. Nc3 Rfb8 25. Bf1 Nf6 26. Bd3 Qd8 27. Bc2 Rb4 28. Na2 R4b7 29. Nc3 Rb4 30. Qd2 Kg7 31. Kg2 Qc7 32. h3 Ra8 33. Qe2 e6 34. dxe6 Bxe6 35. Rd1 Qe7 36. Qf2 Bf7 37. Qd2 Ra6 38. Re1 Qe5 39. Rad1 Rb8 40. e4 fxe4 41. Nxe4 Nxe4 42. Rxe4 Qb2 43. Rb1 Qf6 44. Rf4 Qd8 45. Qc3+ Kg8 46. Be4 Ra7 47. h4 Qe8 48. Qd3 Qe5 49. h5 Qxh5 50. Qxd6 Re8 51. Rd1 Qe5 52. Qxe5 Rxe5 53. Rf6 Re6 54. Rd8+ Kg7 55. Rxe6 Bxe6 56. Bd5 Rd7 57. Ra8 Bxd5 58. cxd5 Rxd5 59. Rxa5 Rd2+ 60. Kh3 Rd3 61. f4 1/2-1/2

[Event "71st RUS-ch Higher League 2018"]
[Site "Yaroslavl"]
[Date "2018.06.29"]
[Round "4"]
[White "Pridorozhni, Aleksei"]
[Black "Bykov, Egor"]
[Result "1-0"]
[ECO "C45"]
[WhiteElo "2589"]
[BlackElo "2373"]
[Annotator "ChessBase"]
[PlyCount "77"]
[EventDate "2018.06.26"]
[EventType "swiss"]
[EventCountry "RUS"]
[SourceTitle "playchess.com"]
[Source "ChessBase"]
[SourceQuality "1"]
[TimeControl "40/5400+30:1800+30"]

1. e4 e5 2. Nf3 Nc6 3. d4 exd4 4. Nxd4 Nf6 5. Nxc6 bxc6 6. e5 Qe7 7. Qe2 Nd5 8. h4 g6 9. c4 Nb6 10. Bg5 Qe6 11. Bf6 Bb4+ 12. Nd2 O-O 13. O-O-O d6 14. Ne4 dxe5 15. h5 Be7 16. Qf3 Nd7 17. Bxe7 Qxe7 18. Rxd7 Bxd7 19. Nf6+ Kh8 20. Nxd7 Rfd8 21. Qf6+ Qxf6 22. Nxf6 Kg7 23. Ne4 Rd4 24. f3 Rad8 25. Be2 f5 26. h6+ Kg8 27. Ng5 R8d6 28. c5 R6d5 29. b3 Rd2 30. Bc4 Rxg2 31. Bxd5+ cxd5 32. Ne6 c6 33. Nd8 Rxa2 34. Re1 e4 35. fxe4 dxe4 36. Nxc6 Kf7 37. Kb1 Ra6 38. Ne5+ Ke6 39. c6 1-0

[Event "71st RUS-ch Higher League 2018"]
[Site "Yaroslavl"]
[Date "2018.06.29"]
[Round "4"]
[White "Volkov, Sergey"]
[Black "Rakhmanov, Aleksandr"]
[Result "0-1"]
[ECO "A50"]
[WhiteElo "2580"]
[BlackElo "2627"]
[Annotator "ChessBase"]
[PlyCount "92"]
[EventDate "2018.06.26"]
[EventType "swiss"]
[EventCountry "RUS"]
[SourceTitle "playchess.com"]
[Source "ChessBase"]
[SourceQuality "1"]
[TimeControl "40/5400+30:1800+30"]

1. d4 Nf6 2. c4 b6 3. f3 Nc6 4. Nc3 e5 5. d5 Ne7 6. e4 Ng6 7. Nge2 Bc5 8. a3 a5 9. Rb1 O-O 10. b4 Be7 11. Be3 Ne8 12. c5 axb4 13. axb4 bxc5 14. bxc5 Bg5 15. Bf2 d6 16. c6 Nh4 17. Ng1 f5 18. g3 Ng6 19. Bd3 fxe4 20. Nxe4 Bh6 21. Kf1 Qe7 22. Kg2 Qf7 23. Qe2 Kh8 24. Bc4 Nf6 25. Nxf6 Qxf6 26. Bd3 Ne7 27. Be4 Qf7 28. Rd1 Ra5 29. Qc4 Bf5 30. Qc2 Nxd5 31. Bxf5 Qxf5 32. Qxf5 Rxf5 33. Ne2 Rf8 34. Ra1 Rfa8 35. Rxa5 Rxa5 36. Rb1 Kg8 37. f4 Kf7 38. f5 Ra6 39. Rb5 Ne7 40. g4 g6 41. Bh4 Rxc6 42. Bxe7 Kxe7 43. Rb8 Rc2 44. Kf1 Bg7 45. Rg8 Kf7 46. Rd8 Bf6 0-1

[Event "71st RUS-ch Higher League 2018"]
[Site "Yaroslavl"]
[Date "2018.06.29"]
[Round "4"]
[White "Sarana, Alexey"]
[Black "Khismatullin, Denis"]
[Result "1-0"]
[ECO "C67"]
[WhiteElo "2573"]
[BlackElo "2627"]
[Annotator "ChessBase"]
[PlyCount "81"]
[EventDate "2018.06.26"]
[EventType "swiss"]
[EventCountry "RUS"]
[SourceTitle "playchess.com"]
[Source "ChessBase"]
[SourceQuality "1"]
[TimeControl "40/5400+30:1800+30"]

1. e4 e5 2. Nf3 Nc6 3. Bb5 Nf6 4. O-O Nxe4 5. d4 Nd6 6. dxe5 Nxb5 7. a4 d6 8. e6 fxe6 9. axb5 Ne7 10. Nc3 Nf5 11. Nd4 Qf6 12. b6 cxb6 13. Ndb5 Qd8 14. g4 Nh4 15. Ne4 d5 16. Bf4 e5 17. Bg5 Qd7 18. Bxh4 dxe4 19. Qxd7+ Kxd7 20. Rfd1+ Kc6 21. Nxa7+ Rxa7 22. Rxa7 Bc5 23. Ra8 Bxg4 24. Rxh8 Bxd1 25. Bg3 e3 26. fxe3 Bxc2 27. Kf2 Kd5 28. Re8 Bd6 29. Rg8 g6 30. Rg7 Bc5 31. Bh4 Kc4 32. Rxb7 Kd3 33. Bg5 Kc4 34. Rxh7 Bf5 35. Be7 Be4 36. Bxc5 bxc5 37. Ke2 Bf5 38. Rf7 Be4 39. Rd7 Bf5 40. Rd6 Be4 41. h4 1-0

[Event "71st RUS-ch Higher League 2018"]
[Site "Yaroslavl"]
[Date "2018.06.29"]
[Round "4"]
[White "Moskalenko, Alexander"]
[Black "Girya, Olga"]
[Result "1/2-1/2"]
[ECO "A11"]
[WhiteElo "2558"]
[BlackElo "2457"]
[Annotator "ChessBase"]
[PlyCount "45"]
[EventDate "2018.06.26"]
[EventType "swiss"]
[EventCountry "RUS"]
[SourceTitle "playchess.com"]
[Source "ChessBase"]
[SourceQuality "1"]
[TimeControl "40/5400+30:1800+30"]

1. c4 c6 2. Nf3 d5 3. e3 Nf6 4. Nc3 e6 5. b3 Bd6 6. Bb2 O-O 7. d4 Nbd7 8. Bd3 Re8 9. Qc2 e5 10. cxd5 cxd5 11. Nb5 Bb4+ 12. Nd2 e4 13. Be2 Re6 14. Qc7 Qf8 15. Rc1 a6 16. Na7 Nb6 17. Nxc8 Rxc8 18. Qxb7 Rb8 19. Qc7 Rc8 20. Qb7 Rb8 21. Qc7 Rc8 22. Qb7 Rb8 23. Qc7 1/2-1/2

[Event "71st RUS-ch Higher League 2018"]
[Site "Yaroslavl"]
[Date "2018.06.29"]
[Round "4"]
[White "Lomasov, Semen"]
[Black "Lysyj, Igor"]
[Result "1-0"]
[ECO "C52"]
[WhiteElo "2549"]
[BlackElo "2630"]
[Annotator "ChessBase"]
[PlyCount "61"]
[EventDate "2018.06.26"]
[EventType "swiss"]
[EventCountry "RUS"]
[SourceTitle "playchess.com"]
[Source "ChessBase"]
[SourceQuality "1"]
[TimeControl "40/5400+30:1800+30"]

1. e4 e5 2. Nf3 Nc6 3. Bc4 Bc5 4. b4 Bxb4 5. c3 Ba5 6. d4 d6 7. Qb3 Qd7 8. O-O Bb6 9. Nbd2 Na5 10. Qc2 Nxc4 11. Nxc4 Qc6 12. Nxb6 axb6 13. dxe5 dxe5 14. Nxe5 Qa4 15. Qd3 Nf6 16. Bg5 Qxe4 17. Qb5+ c6 18. Qxb6 O-O 19. Bxf6 gxf6 20. Rae1 Qd5 21. Nf3 Rxa2 22. Re3 Ra6 23. Qc7 c5 24. Qg3+ Kh8 25. Rfe1 Re6 26. Qf4 Qd6 27. Qh6 Rxe3 28. fxe3 Rg8 29. e4 Bg4 30. e5 Qa6 31. e6 1-0

[Event "71st RUS-ch Higher League 2018"]
[Site "Yaroslavl"]
[Date "2018.06.29"]
[Round "4"]
[White "Moiseenko, Vadim"]
[Black "Oganian, Miran"]
[Result "1-0"]
[ECO "A00"]
[WhiteElo "2517"]
[BlackElo "2432"]
[Annotator "ChessBase"]
[PlyCount "69"]
[EventDate "2018.06.26"]
[EventType "swiss"]
[EventCountry "RUS"]
[SourceTitle "playchess.com"]
[Source "ChessBase"]
[SourceQuality "1"]
[TimeControl "40/5400+30:1800+30"]

1. g3 d5 2. Bg2 Nc6 3. d4 Bf5 4. Nf3 Nb4 5. Na3 e6 6. O-O h6 7. Bf4 Nf6 8. Nb5 Bd6 9. Qd2 Nc6 10. c4 Ne4 11. Qe3 O-O 12. Rac1 Qd7 13. Rfd1 a6 14. Nc3 Nxc3 15. Qxc3 Bxf4 16. gxf4 Be4 17. Nd2 Bxg2 18. Kxg2 Ne7 19. cxd5 exd5 20. Qh3 Qd6 21. e3 Rac8 22. Kh1 c5 23. Nf3 cxd4 24. Nxd4 Kh7 25. Rg1 g6 26. Rcd1 Qf6 27. Rg3 Nc6 28. Nf3 Rcd8 29. Rdg1 d4 30. f5 dxe3 31. Ng5+ Kg7 32. Ne6+ Kg8 33. Qxh6 Ne7 34. Rh3 Nxf5 35. Qh7# 1-0

[Event "71st RUS-ch Higher League 2018"]
[Site "Yaroslavl"]
[Date "2018.06.29"]
[Round "4"]
[White "Triapishko, Alexandr"]
[Black "Bykov, Oleg"]
[Result "1/2-1/2"]
[ECO "A05"]
[WhiteElo "2513"]
[BlackElo "2375"]
[Annotator "ChessBase"]
[PlyCount "205"]
[EventDate "2018.06.26"]
[EventType "swiss"]
[EventCountry "RUS"]
[SourceTitle "playchess.com"]
[Source "ChessBase"]
[SourceQuality "1"]
[TimeControl "40/5400+30:1800+30"]

1. Nf3 Nf6 2. g3 g6 3. Bg2 Bg7 4. O-O O-O 5. d4 d5 6. c3 b6 7. Bf4 Bb7 8. a4 c5 9. Ne5 Ne4 10. Nd2 Nd6 11. a5 Na6 12. h4 Re8 13. h5 f6 14. hxg6 fxe5 15. dxe5 hxg6 16. exd6 e5 17. Be3 Qxd6 18. c4 Nb4 19. Ne4 Qd7 20. cxd5 Bxd5 21. Nc3 e4 22. axb6 axb6 23. Rxa8 Rxa8 24. Bxe4 Bxc3 25. bxc3 Qe6 26. Bxd5 Nxd5 27. Qb3 Qe4 28. Bd2 c4 29. Qb1 Qxb1 30. Rxb1 Ra2 31. e4 Rxd2 32. exd5 Rd3 33. Rxb6 Kf7 34. Kg2 Rxc3 35. Rc6 Rd3 36. Rxc4 Rxd5 37. Kh3 Rd2 38. f3 Rd3 39. Kg4 Ra3 40. Re4 Kf6 41. Kf4 Rb3 42. Rd4 Ra3 43. Kg4 Rb3 44. Rd6+ Kf7 45. Kf4 Ra3 46. g4 Ra5 47. Ke4 Rb5 48. f4 Ra5 49. Rd7+ Ke6 50. Rd4 Kf7 51. Rd5 Ra1 52. Rb5 Re1+ 53. Kd5 Rd1+ 54. Ke5 Re1+ 55. Kd4 Rd1+ 56. Ke3 Re1+ 57. Kf2 Ra1 58. Kg3 Ra7 59. Kh4 Kg7 60. Kg5 Rc7 61. Rd5 Ra7 62. Kh4 Rb7 63. Kg3 Rb3+ 64. Kf2 Kf7 65. Rc5 Ra3 66. Re5 Rb3 67. Re3 Rb4 68. Kf3 Ra4 69. Rc3 Rb4 70. Rc7+ Kf8 71. Ke3 Ra4 72. g5 Rb4 73. Rd7 Ra4 74. Rd4 Ra1 75. Ke4 Re1+ 76. Kd5 Kf7 77. Kd6 Re2 78. Kd7 Re1 79. Rd6 Re4 80. Rf6+ Kg7 81. Kd6 Ra4 82. Ke5 Ra5+ 83. Ke4 Ra4+ 84. Kf3 Ra3+ 85. Kg4 Rb3 86. Rd6 Ra3 87. Rd7+ Kg8 88. Rd1 Kg7 89. Rd4 Rb3 90. f5 gxf5+ 91. Kxf5 Rb5+ 92. Kg4 Rb1 93. Re4 Rg1+ 94. Kf5 Rf1+ 95. Rf4 Rxf4+ 96. Kxf4 Kg6 97. Kg4 Kg7 98. Kf5 Kf7 99. g6+ Kg7 100. Kg5 Kg8 101. Kh6 Kh8 102. g7+ Kg8 103. Kg6 1/2-1/2

[Event "71st RUS-ch Higher League 2018"]
[Site "Yaroslavl"]
[Date "2018.06.29"]
[Round "4"]
[White "Usmanov, Vasily"]
[Black "Tekeyev, Zaur"]
[Result "1-0"]
[ECO "A45"]
[WhiteElo "2477"]
[BlackElo "2407"]
[Annotator "ChessBase"]
[PlyCount "91"]
[EventDate "2018.06.26"]
[EventType "swiss"]
[EventCountry "RUS"]
[SourceTitle "playchess.com"]
[Source "ChessBase"]
[SourceQuality "1"]
[TimeControl "40/5400+30:1800+30"]

1. d4 Nf6 2. g3 c5 3. d5 b5 4. a4 Qa5+ 5. Bd2 b4 6. Bg2 d6 7. c4 g6 8. e4 Nbd7 9. b3 Bg7 10. Ra2 O-O 11. Ne2 Ba6 12. O-O Ne5 13. Qc1 Nfd7 14. Bg5 Rfe8 15. f4 Nxc4 16. bxc4 b3 17. Rb2 h6 18. Bxh6 Bxh6 19. Rxb3 Qxa4 20. Nd2 Qa5 21. Ra3 Qb6 22. Qc2 Bc8 23. Rb1 Qd8 24. Qa2 a6 25. Nb3 Rb8 26. Na5 Rxb1+ 27. Qxb1 e5 28. Nc6 Qf6 29. Rf3 exf4 30. gxf4 Bg7 31. e5 Qf5 32. Qxf5 gxf5 33. Ng3 Nb6 34. Nh5 Kh7 35. Rh3 Kg6 36. Bf3 Bh8 37. Rg3+ Kh6 38. Rh3 Kg6 39. exd6 f6 40. Ne7+ Kf7 41. Ng3 Rd8 42. Rh7+ Bg7 43. Nh5 Rxd6 44. Rxg7+ Ke8 45. Nxc8 Nxc8 46. Rc7 1-0